 Dungeon Crawl Stone Soup version 0.30.1-3-gfc49f6343a (webtiles) character file.

Game seed: 4304218757583620984

182 shmup the Firebug (level 5, -5/28 HPs)
             Began as a Tengu Fire Elementalist on Aug 1, 2023.
             Slain by an orc wizard
             ... wielding a +1 dagger of electrocution
              (18 damage)
             ... on level 3 of the Dungeon.
             The game lasted 00:08:45 (3597 turns).

shmup the Firebug (Tengu Fire Elementalist)         Turns: 3597, Time: 00:08:45

Health: -5/28      AC:  2    Str:  8    XL:     5   Next: 62%
Magic:  4/9        EV: 19    Int: 17    God:
Gold:   256        SH:  0    Dex: 15    Spells: 5/8 levels left

rFire   . . .        b - +2 dagger (vamp)
rCold   . . .        (no shield)
rNeg    . . .        i - +0 robe
rPois   .            (helmet restricted)
rElec   .            (no cloak)
rCorr   .            (no gloves)
SInv    .            (boots unavailable)
Will    .....        n - amulet of the acrobat
Stlth   +            p - +5 ring of evasion
HPRegen 0.24/turn    (no ring)
MPRegen 0.11/turn

%: acrobat
@: confused, flying quickly and evasively, quick
A: beak, talons 3, nimble flight
a: no special abilities


You were on level 3 of the Dungeon.
You visited 1 branch of the dungeon, and saw 3 of its levels.

You collected 256 gold pieces.

Inventory:

Hand Weapons
 a - a +4 spear
 b - a +2 vampiric dagger (weapon)
 c - a +0 dagger
 t - a +0 halberd
Missiles
 d - 16 stones
 o - 6 atropa-tipped darts
 r - a throwing net
Armour
 i - a +0 robe (worn)
Jewellery
 n - an amulet of the acrobat (around neck)
 p - a +5 ring of evasion (left hand)
Scrolls
 e - a scroll of silence {unknown}
 g - a scroll of poison {unknown}
 j - a scroll of teleportation {unknown}
 k - a scroll of identify {unknown}
 m - 2 scrolls of noise
 q - a scroll of summoning {unknown}
 s - a scroll of enchant armour {unknown}
 v - a scroll of magic mapping {unknown}
 w - a scroll of brand weapon {unknown}
 x - a scroll of enchant weapon {unknown}
Potions
 f - 2 potions of haste {unknown}
 h - 2 potions of cancellation {unknown}
 l - a potion of flight {unknown}
 u - a potion of magic


   Skills:
 - Level 2.1 Dodging
 - Level 2.0 Stealth
 - Level 2.0 Spellcasting
 + Level 4.1 Conjurations
 * Level 5.8 Fire Magic


You had 5 spell levels left.
You knew the following spells:

 Your Spells              Type           Power      Damage    Failure   Level
a - Foxfire               Conj/Fire      72%        2x1d7     2%          1
b - Scorch                Fire           42%        2d7       2%          2

Your spell library contained the following spells:

 Spells                   Type           Power      Damage    Failure   Level
 Summon Small Mammal      Summ           4%         N/A       19%         1
 Inner Flame              Hex/Fire       11%        N/A       19%         3
 Volatile Blastmotes      Fire/Tloc      22%        2d11      19%         3
 Flame Wave               Conj/Fire      18%        2d7       26%         4
 Call Canine Familiar     Summ           1%         N/A       50%         3
 Summon Guardian Golem    Hex/Summ       1%         N/A       50%         3


Dungeon Overview and Level Annotations

Branches:
Dungeon (3/15) Zot: 14464

Altars:

Annotations:
D:3 1 runed translucent door, Crazy Yiuf


Innate Abilities, Weirdness & Mutations

You have a beak for a mouth.
You have claws for feet.
Your magical nature lets you fly swiftly and evasively.


Message History

Casting: Foxfire (safe; 2% risk of failure)
Confirm with . or Enter, or press ? or * to list all spells.
You conjure some foxfire!
The adder hisses angrily.
An orc wizard comes into view.
It is wielding a +1 dagger of electrocution.
The foxfire hits the adder.
The adder is heavily wounded.
The foxfire hits the adder.
The adder is severely wounded.
Flames lash the adder.
You kill the adder!
You hear a shout! x2
Flames lash the orc wizard.
The orc wizard is heavily wounded.
The orc wizard's fire resistance burns away.
You hear a shout!
The orc wizard gestures at you while chanting.
You are confused.
You're too confused to cast spells.
You're too confused to cast spells.
The orc wizard points at you and mumbles some strange words.
You are more confused.
The orc wizard points at you and mumbles some strange words.
The magic dart hits you.
An orc comes into view. It is wielding a +0 club.
The orc wizard is no longer more vulnerable to fire.
You're too confused to move!
The orc wizard misses you.
The orc wizard gestures at you while chanting.
The magic dart hits you!
* * * LOW HITPOINT WARNING * * *
You bump into the rock wall.
The orc wizard casts a spell at you. You resist with some effort.
You bump into the rock wall.
You bump into the rock wall.
The orc wizard hits you with a +1 dagger of electrocution.
* * * LOW HITPOINT WARNING * * *
You are electrocuted!!
Ouch! That really hurt!
You die...

▒▒▒▒▒▒▒
▒.....▒ ▒▒
▒..(..▒▒..
▒.....%.
▒.....▒
▒..o(>▒
▒▒▒o▒▒▒
▒▒▒▒▒▒Q▒
▒......▒
▒.▒.▒.▒▒▒▒▒▒▒▒
▒..▒..........
▒.▒...▒▒▒▒▒▒▒▒
▒ ▒▒.▒▒ ▒.▒
▒.▒ ▒.▒


You could see an orc wizard and an orc.

Vanquished Creatures
  Terence (D:2)
  4 adders
  5 gnolls (D:2)
  2 worms (D:2)
  4 ball pythons
  7 endoplasms
  3 giant cockroaches
  8 goblins
  5 hobgoblins
  16 kobolds
  2 quokkas
  2 bats
  6 rats
65 creatures vanquished.

Vanquished Creatures (others)
  107 foxfires
107 creatures vanquished.

Grand Total: 172 creatures vanquished

Notes
Turn   | Place    | Note
-------+----------+-------------------------------------------
     0 | D:1      | shmup the Tengu Fire Elementalist began the quest for the
                  | Orb.
     0 | D:1      | Reached XP level 1. HP: 10/10 MP: 4/4
   116 | D:1      | Reached XP level 2. HP: 15/15 MP: 0/6
   339 | D:1      | Reached skill level 4 in Fire Magic
   689 | D:1      | Reached XP level 3. HP: 19/19 MP: 4/7
  1364 | D:2      | Learned a level 2 spell: Scorch
  1574 | D:2      | Noticed Terence
  1585 | D:2      | Killed Terence
  1586 | D:2      | Reached XP level 4. HP: 2/24 MP: 2/8
  1986 | D:2      | Reached skill level 5 in Fire Magic
  2298 | D:2      | Gained mutation: Your magical nature lets you fly swiftly
                  | and evasively. [Tengu growth]
  2298 | D:2      | Reached XP level 5. HP: 28/28 MP: 0/9
  3423 | D:3      | Found a runed translucent door.
  3424 | D:3      | Noticed Crazy Yiuf
  3597 | D:3      | Slain by an orc wizard

Illustrated notes

Levels and vault maps discovered:
D:1:      ebering_hopf_link, layout_basic, minmay_gold_behind_fungi
D:2:      minmay_wonky_spiral, layout_loops_corners, minmay_joined_circles,
          uniq_terence
D:3:      layout_loops_ring, uniq_crazy_yiuf_cottage

Skill      XL: |  1  2  3  4  5 |
---------------+----------------+-----
Conjurations   | 2 3 4 |  4.1
Fire Magic     | 4 5 |  5.8
Dodging        | |  2.1
Stealth        | |  2.0
Spellcasting   | |  2.0

Action                     |  1- 3 |  4- 6 || total
---------------------------+-------+-------++-------
  Melee: Unarmed           |     4 |       ||     4
         Dagger            |    12 |     4 ||    16
         Peck              |     5 |       ||     5
         Kick              |     3 |     2 ||     5
   Cast: Foxfire           |    52 |    13 ||    65
         Scorch            |     2 |    35 ||    37
    Use: Scroll            |       |     1 ||     1
   Stab: Sleeping          |     1 |       ||     1
 Armour: Robe              |     4 |     3 ||     7
  Dodge: Dodged            |    11 |    28 ||    39
